Map: King's Cove LE

Players

FireDrake

  • Race: Protoss Protoss
  • League: Platinum
  • Spawn Location: 11:00

StormzBG - Winner!

  • Race: Zerg Zerg
  • League: Gold
  • Spawn Location: 5:00

VOD

Have the link to the VOD?

Description

The build vs a plat player AMAZING RESULTS <3 <3 <3

Time

  • Played on: April 13, 2019, 2:26 p.m.
  • Length: 11:40
Show
View Real Time Build Order
Export as new Build Order

FireDrake Protoss 

Build Orders:  

Get SALT Encoding   

  1  0:00  Probe  
  13  0:18  Pylon  
  13  0:28  Probe  
  14  0:40  Probe  
  14  0:41  Gateway  
  15  0:53  Probe  
  16  1:05  Probe  
  17  1:17  Probe  
  18  1:18  Pylon  
  18  1:19  Assimilator  
  18  1:29  Probe  
  18  1:30  Cybernetics Core  
  19  1:33  Cybernetics Core  
  19  1:34  Pylon  
  19  1:41  Probe  
  20  1:49  Probe  
  21  1:59  Probe  
  21  2:07  Warp Gate  
  22  2:11  Probe  
  22  2:15  Assimilator  
  23  2:21  Nexus  
  23  2:23  Probe  
  24  2:35  Probe  
  25  2:41  Shield Battery  
  25  2:43  Stalker  
  27  2:47  Probe  
  28  2:59  Probe  
  29  3:11  Probe  
  30  3:19  Pylon  
  30  3:25  Twilight Council  
  30  3:31  Probe x2  
  31  3:39  Probe x2  
  34  3:48  Probe  
  34  3:49  Probe  
  34  3:53  Gateway  
  36  3:57  Gateway  
  36  4:00  Probe  
  36  4:01  Probe  
  38  4:07  Templar Archives  
  38  4:10  Pylon  
  38  4:12  Probe x2  
  38  4:14  Assimilator  
  40  4:18  Assimilator  
  40  4:20  Probe  
  40  4:24  Probe  
  40  4:28  Probe  
  42  4:37  Probe  
  44  4:40  Psionic Storm  
  44  4:45  Nexus  
  44  4:54  High Templar  
  44  4:55  Probe  
  44  4:58  Probe  
  48  5:03  Probe  
  48  5:07  Assimilator  
  48  5:09  Assimilator  
  48  5:10  Probe  
  48  5:12  Probe  
  50  5:15  High Templar  
  50  5:16  High Templar  
  55  5:22  Probe  
  55  5:25  Probe  
  57  5:29  Pylon  
  57  5:33  Robotics Facility  
  57  5:34  Probe  
  58  5:36  Probe  
  58  5:37  Robotics Facility  
  59  5:44  Probe  
  59  5:46  Probe  
  61  5:52  Probe  
  62  5:57  Probe  
  62  5:58  Probe  
  62  6:03  Probe  
  64  6:05  Probe  
  64  6:06  Pylon  
  64  6:07  Pylon  
  64  6:08  Pylon  
  64  6:11  Probe, Pylon  
  67  6:14  Probe  
  67  6:15  Probe  
  69  6:18  Observer  
  69  6:23  Probe  
  69  6:25  Warp Prism  
  73  6:26  Probe  
  73  6:27  Probe  
  75  6:32  Stalker  
  75  6:33  Stalker x2  
  75  6:35  Probe  
  75  6:38  Probe  
  75  6:39  Probe  
  84  6:41  Forge  
  84  6:42  Forge  
  84  6:45  Forge  
  84  6:47  Probe  
  84  6:50  Probe  
  84  6:51  Probe  
  84  6:52  Blink  
  87  6:56  Pylon  
  87  6:59  Probe  
  88  7:04  Immortal  
  88  7:13  Pylon  
  88  7:15  Immortal  
  96  7:22  Probe x2  
  98  7:34  Protoss Ground Armor Level 1, Protoss Ground Weapons Level 1  
  98  7:35  Protoss Shields Level 1  
  98  7:50  Pylon x2  
  98  7:51  Nexus, Sentry x3  
  98  7:53  Assimilator  
  98  7:55  Immortal, Assimilator  
  98  7:56  Probe  
  104  7:59  Probe x2  
  104  8:04  Probe  
  111  8:05  Immortal  
  111  8:11  Probe x2  
  118  8:13  Probe  
  119  8:23  Probe  
  119  8:24  Probe  
  119  8:25  Probe  
  112  8:35  Probe  
  112  8:36  Probe  
  112  8:37  Probe  
  112  8:40  Zealot x3  
  119  8:45  Immortal x2  
  119  8:48  Probe x2  
  129  8:49  Probe  
  129  8:53  Charge  
  117  9:16  Immortal x2  
  121  9:25  Stalker x3  
  127  9:34  Gateway  
  127  9:37  Gateway  
  127  9:39  Gateway  
  127  9:42  Gateway  
  127  9:43  Immortal x2  
  127  9:45  Gateway  
  118  10:07  Probe x3  
  116  10:10  Pylon x2  
  116  10:12  Immortal x2, Pylon  
  116  10:13  Pylon  
  97  10:42  High Templar x2  
  83  10:43  High Templar  
  74  10:52  Immortal x2  
  75  11:02  Shield Battery  
  75  11:03  Shield Battery  
  75  11:06  Shield Battery  
  75  11:08  Shield Battery  
  75  11:10  Shield Battery  
  71  11:12  Shield Battery  
Show
View Real Time Build Order
Export as new Build Order

StormzBG Zerg - Winner!

Build Orders: Pool First 

Get SALT Encoding   

  12  0:01  Drone  
  13  0:10  Drone  
  14  0:18  Overlord  
  14  0:37  Drone x3  
  17  0:44  Extractor  
  16  0:50  Spawning Pool  
  16  0:52  Drone  
  16  0:59  Drone  
  17  1:09  Drone  
  18  1:21  Overlord  
  18  1:39  Hatchery  
  17  1:44  Metabolic Boost  
  17  1:45  Drone  
  18  1:50  Drone  
  19  1:58  Queen  
  21  2:01  Zergling x2  
  21  2:05  Zergling x2  
  23  2:14  Drone  
  24  2:25  Drone  
  25  2:43  Drone  
  26  2:45  Lair  
  27  2:51  Drone x2  
  28  3:01  Queen  
  30  3:06  Zergling x4  
  32  3:13  Drone x3  
  32  3:14  Drone  
  36  3:29  Overlord x2  
  36  3:40  Overlord  
  36  3:41  Overlord x2  
  36  3:55  Hydralisk Den  
  35  4:02  Extractor  
  34  4:05  Drone x5  
  34  4:09  Extractor  
  38  4:10  Extractor  
  37  4:22  Hydralisk Den  
  36  4:25  Drone x4  
  36  4:26  Drone  
  41  4:41  Drone x2  
  41  4:42  Drone  
  44  4:48  Drone  
  44  4:49  Drone  
  44  4:52  Grooved Spines  
  46  4:55  Queen  
  46  4:57  Queen  
  50  5:03  Drone x3  
  50  5:04  Drone x4  
  57  5:08  Muscular Augments  
  57  5:17  Drone  
  57  5:18  Drone x2  
  60  5:26  Overlord  
  60  5:27  Overlord  
  60  5:33  Pneumatized Carapace  
  60  5:40  Drone x3  
  63  5:43  Hatchery  
  62  5:53  Hydralisk x4  
  70  6:04  Drone  
  70  6:05  Drone x5  
  76  6:12  Hydralisk  
  76  6:14  Overlord  
  76  6:15  Overlord  
  78  6:24  Hydralisk x3  
  84  6:29  Overlord  
  84  6:39  Hydralisk x3  
  86  6:40  Hydralisk  
  86  6:43  Drone  
  93  6:51  Queen  
  93  6:53  Queen  
  97  6:55  Hydralisk  
  99  7:06  Overlord x3  
  99  7:07  Overlord  
  99  7:12  Drone  
  99  7:13  Drone x2  
  102  7:27  Queen  
  102  7:28  Queen  
  106  7:30  Hydralisk x5  
  106  7:34  Overlord  
  116  8:03  Queen  
  116  8:05  Hydralisk x4  
  118  8:06  Hydralisk x4  
  118  8:07  Overlord x3  
  133  8:26  Hydralisk x4  
  133  8:27  Hydralisk x3  
  137  8:38  Hydralisk x5  
  137  8:39  Hydralisk  
  136  8:53  Hydralisk x7  
  136  8:54  Hydralisk  
  146  9:12  Hydralisk x3  
  146  9:13  Hydralisk  
  154  9:17  Extractor  
  154  9:18  Drone x2, Extractor  
  154  9:22  Hydralisk  
  156  9:33  Hydralisk x3  
  150  9:58  Hatchery  
  149  10:00  Hydralisk  
  149  10:01  Hydralisk x7  
  159  10:33  Hydralisk  
  159  10:34  Hydralisk x3  
  159  10:35  Overlord x5  
  159  11:06  Hydralisk x5  
  159  11:07  Hydralisk x2  
Tags
 
Add a new tag
Caveats
  • Supply blocks, unpowered buildings, or Contaminate may cause inaccurate times.
  • Supply counts are checked every 10 seconds.